 Dungeon Crawl Stone Soup version 0.23.0 (webtiles) character file.

Game seed: 70308759173795605

247 inmateoo the Insei (level 6, -3/47 HPs)
             Began as a Gnoll Transmuter on Feb 11, 2019.
             Killed by nerve-wracking pain
             ... invoked by Grinder
              (4 damage)
             ... on level 4 of the Dungeon on Feb 12, 2019.
             The game lasted 00:05:27 (3566 turns).

inmateoo the Insei (Gnoll Transmuter)               Turns: 3566, Time: 00:05:28

Health: -3/47      AC:  7    Str: 12    XL:     6   Next: 11%
Magic:  2/13       EV: 14    Int: 18    God:
Gold:   187        SH:  0    Dex: 21    Spells: 5/15 levels left

rFire    . . .     SeeInvis .     - Unarmed
rCold    . . .     Gourm    .   (no shield)
rNeg     . . .     Faith    .   e - +0 ring mail
rPois    .         Spirit   .   t - +1 helmet
rElec    .         Reflect  .   (no cloak)
rCorr    .         Harm     .   (no gloves)
MR       .....                  (boots currently unavailable)
Stlth    +++.......             (no amulet)
HPRegen  0.15/turn              l - +6 ring of dexterity
MPRegen  0.13/turn              n - ring of stealth

@: appendage, very slightly contaminated
A: distributed training, fangs 1, talons 3, strong nose
a: End Transformation


You were on level 4 of the Dungeon.
You were hungry.
You had grown temporary talons.
You visited 1 branch of the dungeon, and saw 4 of its levels.

You collected 187 gold pieces.

Inventory:

Missiles
 a - 2 arrows
Armour
 e - a +0 ring mail (worn)
 j - a +0 plate armour
 s - a +0 chain mail
 t - a +1 helmet (worn)
Magical Staves
 u - an uncursed staff of conjuration {unknown}
Jewellery
 l - a +6 ring of dexterity (left hand)
 n - a ring of stealth (right hand)
Scrolls
 g - a scroll of teleportation
 h - a scroll of enchant weapon
Potions
 c - a potion of resistance
 f - a potion of agility
 i - 2 potions of haste {unknown}
 m - 2 potions of curing {unknown}
 o - a potion of ambrosia
 p - a potion of lignification
 q - a potion of cancellation
 r - a potion of might
Comestibles
 d - 6 rations
 k - 3 chunks of flesh


   Skills:
 + Level 3.1 Fighting
 + Level 1.8 Short Blades
 + Level 1.8 Long Blades
 + Level 1.8 Axes
 + Level 1.8 Maces & Flails
 + Level 1.8 Polearms
 + Level 1.8 Staves
 + Level 1.8 Slings
 + Level 1.8 Bows
 + Level 1.8 Crossbows
 + Level 1.8 Throwing
 + Level 1.8 Armour
 + Level 4.9 Dodging
 + Level 1.8 Stealth
 + Level 1.8 Shields
 + Level 6.8 Unarmed Combat
 + Level 5.3 Spellcasting
 + Level 1.4 Conjurations
 + Level 1.4 Hexes
 + Level 1.4 Charms
 + Level 1.4 Summonings
 + Level 1.4 Necromancy
 + Level 1.4 Translocations
 + Level 4.0 Transmutations
 + Level 1.4 Fire Magic
 + Level 1.4 Ice Magic
 + Level 1.4 Air Magic
 + Level 1.4 Earth Magic
 + Level 1.4 Poison Magic
 + Level 2.0 Invocations
 + Level 1.8 Evocations


You had 5 spell levels left.
You knew the following spells:

 Your Spells              Type           Power        Failure   Level  Hunger
a - Beastly Appendage     Tmut           ###...       5%          1    None
b - Sticks to Snakes      Tmut           ###.....     9%          2    #......
c - Spider Form           Tmut/Pois      ##........   28%         3    ##.....
d - Ice Form              Ice/Tmut       ##......     67%         4    ####...

Your spell library contained the following spells:

 Spells                   Type           Power        Failure   Level  Hunger
 Blade Hands              Tmut           ###.......   83%         5    ######.


Dungeon Overview and Level Annotations

Branches:
Dungeon (4/15)
 Temple: D:4-7

Altars:
Gozag

Annotations:
D:4 Grinder


Innate Abilities, Weirdness & Mutations

Your experience applies equally to all skills.
You have very sharp teeth.
Your uncanny sense of smell can sniff out nearby items.
You have claws for feet.


Message History

Casting: Sticks to Snakes (safe; 9% risk of failure)
Confirm with . or Enter, or press ? or * to list all spells.
You miscast Sticks to Snakes.
Your hair momentarily turns into snakes!
Grinder hits your ball python.
Your ball python writhes in agony.
Your ball python dies!
An ooze comes into view.
Your ball python bites Grinder but does no damage.
Your ball python completely misses Grinder.
Unknown command.
Casting: Sticks to Snakes (safe; 9% risk of failure)
Confirm with . or Enter, or press ? or * to list all spells.
You miscast Sticks to Snakes.
Your hair momentarily turns into snakes!
The ooze quivers.
Grinder blinks!
Unknown command.
Grinder gestures at you. Pain shoots through your body!
You die...

#............
#.###.######.
###.#######.###.###
........÷.........
#.##.#######.#.#.###
...............#.# ∆
....##.####...#.# .
#.# #...#.# . #@#
#...#.#
....##.####...#.#
.................# .
# ........§.##...#.#
.. #
......5S..##...#.#
...#
...#.##...##...#.#
.... .J #.
#...##†..#.####+## .
# #...##............
#...##..##.####.#.


You could see Grinder and a friendly ball python.

Vanquished Creatures
  A hound (D:4)
  An orc priest (D:3)
  An iguana (D:4)
  A hound skeleton (D:4)
  4 adders
  2 oozes
  An adder skeleton (D:4)
  4 worms
  2 dart slugs
  2 leopard geckos (D:3)
  5 orcs
  3 ball pythons
  4 bats
  5 giant cockroaches
  7 goblins
  5 hobgoblins
  11 jackals
  4 quokkas
  5 frilled lizards
  6 kobolds
  4 rats
78 creatures vanquished.

Vanquished Creatures (collateral kills)
  An orc (D:3)
  A giant cockroach (D:1)
  A goblin (D:1)
  A jackal (D:1)
  A kobold (D:1)
5 creatures vanquished.

Grand Total: 83 creatures vanquished

Notes
Turn   | Place    | Note
-------+----------+-------------------------------------------
     0 | D:1      | inmateoo the Gnoll Transmuter began the quest for the Orb.
     0 | D:1      | Reached XP level 1. HP: 17/17 MP: 6/6
   214 | D:1      | Reached XP level 2. HP: 18/23 MP: 7/7
   219 | D:1      | Learned a level 2 spell: Sticks to Snakes
   753 | D:1      | Reached XP level 3. HP: 20/28 MP: 9/9
   840 | D:1      | Learned a level 3 spell: Spider Form
  1154 | D:2      | Reached skill level 5 in Spellcasting
  1211 | D:2      | Reached skill level 1 in Invocations
  1447 | D:2      | Reached skill level 1 in Short Blades
  1447 | D:2      | Reached skill level 1 in Long Blades
  1447 | D:2      | Reached skill level 1 in Axes
  1447 | D:2      | Reached skill level 1 in Maces & Flails
  1447 | D:2      | Reached skill level 1 in Polearms
  1447 | D:2      | Reached skill level 1 in Staves
  1447 | D:2      | Reached skill level 1 in Slings
  1447 | D:2      | Reached skill level 1 in Bows
  1447 | D:2      | Reached skill level 1 in Crossbows
  1447 | D:2      | Reached skill level 1 in Throwing
  1447 | D:2      | Reached skill level 1 in Armour
  1447 | D:2      | Reached skill level 1 in Stealth
  1447 | D:2      | Reached skill level 1 in Shields
  1447 | D:2      | Reached skill level 1 in Evocations
  1447 | D:2      | Reached XP level 4. HP: 26/34 MP: 11/11
  1820 | D:3      | Reached skill level 1 in Conjurations
  1820 | D:3      | Reached skill level 1 in Hexes
  1820 | D:3      | Reached skill level 1 in Charms
  1820 | D:3      | Reached skill level 1 in Summonings
  1820 | D:3      | Reached skill level 1 in Necromancy
  1820 | D:3      | Reached skill level 1 in Translocations
  1820 | D:3      | Reached skill level 1 in Fire Magic
  1820 | D:3      | Reached skill level 1 in Ice Magic
  1820 | D:3      | Reached skill level 1 in Air Magic
  1820 | D:3      | Reached skill level 1 in Earth Magic
  1820 | D:3      | Reached skill level 1 in Poison Magic
  1820 | D:3      | Reached XP level 5. HP: 21/40 MP: 5/12
  2285 | D:3      | Learned a level 4 spell: Ice Form
  2776 | D:4      | Noticed Grinder
  3348 | D:4      | Reached XP level 6. HP: 47/47 MP: 13/13
  3462 | D:4      | Found an opulent altar of Gozag.
  3560 | D:4      | HP: 1/47 [Grinder/nerve-wracking pain (13)]
  3566 | D:4      | Killed from afar by Grinder

Skill      XL: |  1  2  3  4  5  6 |
---------------+-------------------+-----
Spellcasting   | 5 |  5.3
Invocations    | 1 2 |  2.0
Short Blades   | 1 |  1.8
Long Blades    | 1 |  1.8
Axes           | 1 |  1.8
Maces & Flails | 1 |  1.8
Polearms       | 1 |  1.8
Staves         | 1 |  1.8
Slings         | 1 |  1.8
Bows           | 1 |  1.8
Crossbows      | 1 |  1.8
Throwing       | 1 |  1.8
Armour         | 1 |  1.8
Stealth        | 1 |  1.8
Shields        | 1 |  1.8
Evocations     | 1 |  1.8
Conjurations   | 1 |  1.4
Hexes          | 1 |  1.4
Charms         | 1 |  1.4
Summonings     | 1 |  1.4
Necromancy     | 1 |  1.4
Translocations | 1 |  1.4
Fire Magic     | 1 |  1.4
Ice Magic      | 1 |  1.4
Air Magic      | 1 |  1.4
Earth Magic    | 1 |  1.4
Poison Magic   | 1 |  1.4
Fighting       | 3 |  3.1
Transmutations | 4 |  4.0
Dodging        | |  4.9
Unarmed Combat | |  6.8

Action                   |  1- 3 |  4- 6 || total
-------------------------+-------+-------++-------
Melee: Unarmed           |    93 |   141 ||   234
       Headbutt          |     3 |     2 ||     5
       Bite              |    12 |    19 ||    31
       Kick              |     7 |     6 ||    13
       Punch             |     1 |     6 ||     7
 Cast: Beastly Appendage |     8 |     8 ||    16
       Sticks to Snakes  |     1 |    10 ||    11
  Use: Scroll            |       |     9 ||     9
 Stab: Sleeping          |     2 |    11 ||    13
       Distracted        |       |     1 ||     1
  Eat: Chunk             |     2 |     6 ||     8
Armor: Robe              |    10 |    15 ||    25
       Ring mail         |       |     7 ||     7
Dodge: Dodged            |    58 |    95 ||   153
